 Dungeon Crawl Stone Soup version 0.17-a0-1997-ga88ed7d (webtiles) character file.

947649 Kangaxx the Archmage (level 27, -21/168 HPs)
             Began as a Deep Elf Wizard on Oct 5, 2015.
             Was the Champion of Vehumet.
             Demolished by a reaper
             ... wielding a +4 scythe of slicing
              (23 damage)
             ... on level 27 of a ziggurat on Oct 8, 2015.
             The game lasted 14:41:59 (104394 turns).

Kangaxx the Archmage (Deep Elf Wizard)            Turns: 104394, Time: 14:41:59

Health: -21/168    AC: 21    Str:  7    XL:     27
Magic:  9/65       EV: 29    Int: 46    God:    Vehumet [******]
Gold:   6622       SH:  0    Dex: 26    Spells: 17 memorised, 3 levels left

rFire  + + +     SeeInvis +     e - +1 mace of the Valley of Death {crush, rPois rF+++ rC- MP+9}
rCold  + + .     Clarity  +     B - +3 leather armour of Etsorch {Dex+6 Slay+4 SInv Stlth-}
rNeg   + + +     SustAt   +     (no shield)
rPois  ∞         Gourm    .     (no helmet)
rElec  +         Spirit   .     m - +2 cloak {MR+}
rCorr  +         Warding  +     y - +0 pair of gloves "Izaustin" {+Fly rCorr}
rMut   .         Rnd*Tele +     x - +2 pair of boots {run}
MR     +++++                    h - macabre finger necklace {Ward rN+}
Stlth  ++++......               b - ring "Hocagod" {rC+ MR++ Dex+2}
                                K - ring of Xom's Ringing Laughter {SustAt rElec Int+4}
                                j - ring "Tagaob" {+Inv rN+ MR+++ Str+3 Stlth-}

@: brilliant, agile, lich-form, resistant, very slightly contaminated, deflect
missiles, quick, almost entirely resistant to hostile enchantments, stealthy
A: berserk 1, clarity, sense surroundings 2, robust 2, shaggy fur 1,
teleportitis 1, wild magic 1, evolution 2
a: End Transformation, Renounce Religion, Evoke Invisibility, Evoke Flight
}: 4/15 runes: serpentine, barnacled, silver, abyssal


You were on level 27 of a ziggurat.
You worshipped Vehumet.
Vehumet was exalted by your worship.
You were not hungry.
You were a lich.
You visited 13 branches of the dungeon, and saw 65 of its levels.
You visited the Abyss 1 time.
You visited 1 ziggurat, and saw 27 of its levels.
You also visited: Bailey and Ice Cave.

You collected 10092 gold pieces.
You spent 3297 gold pieces at shops.

Inventory:

Hand Weapons
 e - the +1 mace of the Valley of Death (weapon) {crush, rPois rF+++ rC- MP+9}
   (You bought it in a shop on level 4 of the Orcish Mines)

   It inflicts extra damage upon your enemies.
   It renders you almost immune to fire.
   It makes you vulnerable to cold.
   It protects you from poison.
   It affects your magic capacity (+9).
 F - the +6 war axe of Execution {freeze, rPois rC++ Str+5}
   (You took it off a vault sentinel on level 4 of the Vaults)

   It has been specially enchanted to freeze those struck by it, causing extra
   injury to most foes and up to half again as much damage against particularly
   susceptible opponents.
   It can also slow down cold-blooded creatures.
   It affects your strength (+5).
   It greatly protects you from cold.
   It protects you from poison.
 I - the +9 dire flail of the Solstice {flame, rElec rF+ rC+++ Str-5}
   (You found it on level 5 of a ziggurat)

   It has been specially enchanted to burn those struck by it, causing extra
   injury to most foes and up to half again as much damage against particularly
   susceptible opponents.
   It affects your strength (-5).
   It protects you from fire.
   It renders you almost immune to cold.
   It insulates you from electricity.
 Z - the +7 long sword of Kismet {holy, +Blink rC+ Str-3 Int+7}
   (You found it on level 3 of a ziggurat)

   It has been blessed by the Shining One to cause great damage to the undead
   and demons.
   It affects your strength (-3).
   It affects your intelligence (+7).
   It protects you from cold.
   It lets you blink.
Armour
 m - a +2 cloak of magic resistance (worn)
 x - a +2 pair of boots of running (worn)
 y - the +0 pair of gloves "Izaustin" (worn) {+Fly rCorr}
   (You found it on level 23 of a ziggurat)

   It lets you fly.
   It protects you from acid and corrosion.
 B - the +3 leather armour of Etsorch (worn) {Dex+6 Slay+4 SInv Stlth-}
   (You found it on level 5 of a ziggurat)

   It affects your dexterity (+6).
   It affects your accuracy and damage with ranged weapons and melee attacks
   (+4).
   It lets you see invisible.
   It makes you less stealthy.
Jewellery
 b - the ring "Hocagod" (right hand) {rC+ MR++ Dex+2}
   (You found it on level 25 of a ziggurat)

   [ring of protection from cold]

   It affects your dexterity (+2).
   It protects you from cold.
   It affects your resistance to hostile enchantments.
 c - the ring of Shadows {Umbra +Inv rN+ SInv}
   (You bought it in a shop on level 4 of the Orcish Mines)

   [ring of invisibility]

   It protects you from negative energy.
   It lets you see invisible.
   It lets you turn invisible.
 h - the macabre finger necklace (around neck) {Ward rN+}
   (You found it on level 4 of the Vaults)

   [amulet of warding]

   It may prevent the melee attacks of summoned creatures.
   It protects you from negative energy.
 j - the ring "Tagaob" (on amulet) {+Inv rN+ MR+++ Str+3 Stlth-}
   (You found it on level 3 of the Crypt)

   [ring of positive energy]

   It affects your strength (+3).
   It protects you from negative energy.
   It affects your resistance to hostile enchantments.
   It lets you turn invisible.
   It makes you less stealthy.
 K - the ring of Xom's Ringing Laughter (left hand) {SustAt rElec Int+4}
   (You found it on level 10 of a ziggurat)

   [ring of sustain attributes]

   It sustains your strength, intelligence and dexterity.
   It affects your intelligence (+4).
   It insulates you from electricity.
 Y - the amulet of the Four Winds {Clar rN+ MR+++}
   (You found it on level 13 of a ziggurat)

   [amulet of clarity]

   It provides mental clarity.
   It protects you from negative energy.
   It affects your resistance to hostile enchantments.
Wands
 v - a wand of digging (2)
 D - a wand of teleportation (8)
 H - a wand of teleportation (5)
 N - a wand of hasting (5)
 V - a wand of heal wounds (4)
Scrolls
 f - 12 scrolls of magic mapping
 r - 24 scrolls of remove curse
 t - 6 scrolls of recharging
 w - 9 scrolls of enchant armour
 z - 9 scrolls of teleportation
 C - 2 scrolls of enchant weapon
 E - a scroll of vulnerability
 G - 6 scrolls of immolation
 M - 5 scrolls of identify
 O - 6 scrolls of fog
 P - 4 scrolls of silence
 R - 5 scrolls of fear
 W - a scroll of blinking
Potions
 a - 3 potions of invisibility
 d - 5 potions of cure mutation
 o - 16 potions of curing
 p - 4 potions of agility
 A - 12 potions of lignification
 J - 6 potions of flight
 Q - a potion of might
 S - 3 potions of resistance
 U - 8 potions of brilliance
 X - 6 potions of cancellation
Miscellaneous
 k - an ornate deck of changes {Dowsing, drawn: 1}
 l - a plain deck of war
 u - an ornate deck of defence {drawn: 2}
 L - an ornate deck of changes {drawn: 1}
 T - a legendary deck of changes {the Helm}
Comestibles
 i - 21 bread rations
 n - 12 royal jellies


   Skills:
 - Level 6.2 Fighting
 - Level 6.0 Armour
 - Level 11.4 Dodging
 - Level 10.1 Stealth
 O Level 27 Spellcasting
 O Level 27 Conjurations
 O Level 27 Charms
 - Level 1.1 Summonings
 O Level 27 Necromancy
 * Level 17.9 Translocations
 O Level 27 Transmutations
 O Level 27 Fire Magic
 - Level 5.9 Ice Magic
 - Level 6.5 Air Magic
 - Level 4.2 Earth Magic
 - Level 6.1 Poison Magic
   Level 5.5 Invocations
 - Level 8.8 Evocations


You had 3 spell levels left.
You knew the following spells:

 Your Spells              Type           Power        Failure   Level  Hunger
a - Bolt of Fire          Conj/Fire      #########.   1%          6    N/A
b - Blink                 Tloc           N/A          1%          2    N/A
c - Spellforged Servitor  Conj/Summ      ########..   1%          7    N/A
d - Bolt of Cold          Conj/Ice       #########.   1%          6    N/A
e - Controlled Blink      Tloc           N/A          1%          7    N/A
f - Sublimation of Blood  Necr           ##########   1%          2    N/A
g - Fire Storm            Conj/Fire      #########.   1%          9    N/A
h - Mephitic Cloud        Conj/Pois/Air  ########     1%          3    N/A
l - Fireball              Conj/Fire      #########.   1%          5    N/A
m - Conjure Flame         Conj/Fire      ########     1%          3    N/A
p - Regeneration          Chrm/Necr      ##########   1%          3    N/A
q - Necromutation         Trmt/Necr      ##########   1%          8    N/A
r - Deflect Missiles      Chrm/Air       #########.   1%          6    N/A
s - Bolt of Magma         Conj/Fire/Erth #########.   1%          5    N/A
t - Swiftness             Chrm/Air       ########     1%          2    N/A
y - Shroud of Golubria    Chrm/Tloc      #########.   1%          2    N/A
z - Apportation           Tloc           #########.   1%          1    N/A

Dungeon Overview and Level Annotations

Branches:
Dungeon (15/15)            Temple (1/1) D:6            Lair (8/8) D:10
 Shoals (4/4) Lair:4        Snake (4/4) Lair:5        Slime (6/6) Lair:6
    Orc (4/4) D:12            Elf (3/3) Orc:3        Vaults (5/5) D:13
  Crypt (3/3) Vaults:3       Tomb (2/3) Crypt:3      Depths (5/5) D:15
    Zot (5/5) Depths:5

Altars:
Ashenzari
Cheibriados
Dithmenos
Elyvilon
Fedhas
Gozag
Kikubaaqudgha
Makhleb
Nemelex Xobeh
Okawaru
Qazlal
Ru
Sif Muna
Trog
Vehumet
Xom
Yredelemnul
Zin
The Shining One
Lugonu

Shops:
D:4 *   Orc:2 :   Orc:4 *![(   Elf:2 }   Shoals:1 (   Snake:3 :   Depths:4 [

Portals:
Hell: Depths:1 Depths:2 Depths:3 Depths:4 Depths:5
Abyss: Depths:2 Depths:4
Pandemonium: Depths:3

Annotations:
Elf:2 3 runed doors
Tomb:1 Mara
Zot:5 1 exclusion


Innate Abilities, Weirdness & Mutations

You tend to lose your temper in combat.
You possess an exceptional clarity of mind.
You passively map the area around you.
You are very robust (+20% HP).
You are covered in fur (AC +1).
You are occasionally teleported to nearby monsters.
Your spells are a little harder to cast, but a little more powerful.
You rapidly evolve.


Message History

Evoke which item? (* to show all) (? for menu, Esc to quit)
Okay, then.
The putrid corrupter mumbles some strange prayers to its god against you.
You feel weakened for a moment. A corruption grows within you!
Your surroundings seem slightly different.
The reaper hits you from afar with a scythe of slicing!
* * * LOW HITPOINT WARNING * * *
x2 Read which item? (? for menu, Esc to quit)
Charge which item? (? for menu, Esc to quit)
As you read the scroll of recharging, it crumbles to dust.
Your wand of heal wounds (0) glows for a moment and now has 4 charges.
The hellion gestures at you.
The hellfire explodes!
The burst of hellfire engulfs you!
* * * LOW HITPOINT WARNING * * *
The burst of hellfire engulfs the hellion.
The hellion completely resists.
The putrid corrupter calls forth creatures from the Snake Pit!
The reaper hits you from afar with a scythe of slicing!!
You die...

▓.14..4.....................§§
▓.222..................3..2§.§
▓...22........................
▓....2..........§....###......
▓....§).............##,##.....
▓.........)........##, ##..2.
▓∩......[......NS..# , #....
▓................(.## ,##4...
▓..........2.L26.S..## ##..&&.
▓..............2.....###..2...
▓.....................[)).....
▓....................([.))....
▓...................).().)....
▓.....................)))6...(
▓▓▓▓▓▓▓▓▓▓▓▓▓▓▓......6).[...)(
▓...............
▓..........(....


You could see a putrid corrupter, a greater naga, a reaper, a blizzard demon, an
anaconda, a guardian serpent and a hellion.

Vanquished Creatures
  6 orbs of fire
  9 ancient liches
  Mennas (Vaults:5)
  7 pandemonium lords
  14 greater mummies
  Sojobo (Vaults:5)
  A curse toe (Zot:4)
  6 Killer Klowns
  15 golden dragons
  2 bone dragons
  2 Brimstone Fiends (Zig:27)
  Jorgrun (Snake:2)
  5 electric golems
  22 tentacled monstrosities
  2 Ice Fiends (Zig:27)
  Rupert (D:14)
  A hellephant (Zig:8)
  9 liches
  25 Orb Guardians (Zot:5)
  8 Hell Sentinels
  5 deep elf blademasters
  22 acid blobs
  2 deep elf master archers (Elf:3)
  9 quicksilver dragons
  8 titans
  2 Shadow Fiends (Zig:27)
  An eldritch tentacle (Zig:14)
  A kraken (Shoals:4)
  2 Executioners (Zig:27)
  18 sphinxes
  An octopode crusher (Depths:1)
  9 tentacled starspawn
  2 warmongers (Zig:27)
  10 ancient champions
  8 death cobs
  10 shadow dragons
  24 storm dragons
  A sphinx (shapeshifter) (Zig:14)
  Kirke (Lair:5)
  11 fire giants
  21 draconian monks
  5 revenants
  2 shadow dragons (shapeshifter) (Zig:14)
  8 azure jellies
  Ilsuiw (Shoals:4)
  Wiglaf (Vaults:5)
  15 greater nagas
  An azure jelly (shapeshifter) (Zig:11)
  10 tengu reavers
  12 frost giants
  Donald (Vaults:1)
  24 draconian knights
  21 vault wardens
  5 cacodemons (Zig:27)
  Maud (Lair:5)
  3 orc warlords
  The ghost of Oddball22 the Hand of Fortune, a journeyman DsAr of Nemelex Xobeh (Snake:1)
  Aizul (Crypt:1)
  3 ghost moths
  Louise (Snake:2)
  20 deep elf sorcerers
  25 draconian scorchers
  6 balrugs
  16 iron dragons
  22 draconian zealots
  6 curse skulls
  4 ghouls
  An angel (Zig:25)
  21 ironheart preservers
  11 war gargoyles
  24 draconian shifters
  23 very ugly things
  3 reapers
  20 draconian annihilators
  21 draconian callers
  3 spriggan defenders (Depths:5)
  43 stone giants
  14 bennus
  Nessos (Orc:3)
  25 black draconians
  2 blood saints (Zig:27)
  3 corrupters (Zig:27)
  11 deep elf demonologists
  13 deep elf annihilators
  5 vampire knights
  2 salamander stormcallers
  20 green draconians
  25 white draconians
  2 lorocyprocas
  Azrael (Snake:2)
  5 black suns (Zig:27)
  23 mottled draconians
  18 red draconians
  7 chaos champions
  30 purple draconians
  17 yellow draconians
  4 eidola
  Snorg (Orc:4)
  15 merfolk javelineers
  37 vault guards
  9 merfolk impalers
  8 deep elf death magi
  5 crystal guardians
  4 green deaths
  12 jiangshi
  10 great orbs of eyes
  13 mummy priests
  3 blizzard demons
  13 ettins
  13 yaktaur captains
  7 rakshasas
  Josephine (Lair:5)
  A great orb of eyes (shapeshifter) (Zig:16)
  21 fire dragons
  9 entropy weavers
  24 ice dragons
  19 naga warriors
  8 deep elf high priests
  3 hell beasts (Zig:27)
  3 spriggan air magi
  A ghost crab (Zig:20)
  19 hydras
  4 catoblepae
  Erica (Orc:1)
  14 anacondas
  6 merfolk aquamancers
  A death knight (Zig:13)
  4 dancing weapons (Elf:2)
  3 alligators (Zig:20)
  3 merfolk avatars
  An alligator snapping turtle (Shoals:2)
  22 ogre magi
  7 vampire magi
  3 tengu warriors
  14 centaur warriors
  5 thrashing horrors
  9 death yaks
  4 orc high priests
  6 spriggan berserkers
  13 naga sharpshooters
  8 deep troll earth magi
  8 deep troll shamans
  2 titan zombies
  An alligator (shapeshifter) (Zig:18)
  A fire crab (shapeshifter) (Depths:5)
  3 soul eaters
  10 shock serpents
  5 titan skeletons
  Sonja (Lair:2)
  6 sun demons
  Nergalle (D:11)
  4 fire crabs
  6 iron golems
  16 deep elf knights
  5 death scarabs
  10 wretched stars
  5 shadow wraiths
  21 skeletal warriors
  3 spatial maelstroms
  A storm dragon skeleton (Vaults:3)
  A gelid demonspawn (Zig:27)
  11 hell knights
  4 ice devils (Depths:1)
  A spriggan druid (Zig:20)
  19 sea snakes
  3 death drakes (Zig:17)
  8 unseen horrors
  2 shadow demons
  2 iron trolls (Depths:3)
  11 deep elf summoners
  3 golden dragon zombies
  2 lindwurms (shapeshifter) (Zig:16)
  4 salamander mystics
  An unseen horror (shapeshifter) (Depths:4)
  A lindwurm (Lair:8)
  A putrid demonspawn (Zig:27)
  4 flayed ghosts
  An ice statue (Zot:5)
  4 golden dragon skeletons
  5 giant orange brains
  2 shambling mangroves (Zig:20)
  A hill giant (shapeshifter) (Vaults:5)
  11 naga ritualists
  25 deep trolls
  13 hill giants
  6 swamp dragons
  13 anubis guards
  13 deep elf conjurers
  8 oklob plants
  19 ironbrand convokers
  3 shadow dragon zombies
  A hornet (Vaults:1)
  13 phantasmal warriors
  13 mana vipers
  A wolf spider zombie (Crypt:3)
  3 harpies (shapeshifter)
  14 necromancers
  8 wizards
  3 wolf spiders
  A faun (shapeshifter) (Zig:14)
  9 orc sorcerers
  2 frost giant zombies
  17 griffons
  A glowing shapeshifter (Zig:16)
  A stone giant zombie (Vaults:3)
  23 orc knights
  2 iron dragon zombies
  A shadow dragon skeleton (Crypt:3)
  16 manticores
  4 centaur zombies
  A moth of wrath (shapeshifter) (Elf:3)
  4 fire giant zombies
  A sixfirhy (Zig:25)
  3 worldbinders
  55 black mambas
  6 water nymphs
  63 ugly things
  2 iron dragon skeletons
  4 shining eyes
  7 sirens
  10 cyclopes
  13 guardian serpents
  A stone giant skeleton (Crypt:1)
  2 frost giant skeletons
  25 moths of wrath
  A fire giant skeleton (Depths:2)
  13 elephants
  23 salamanders
  3 eyes of devastation
  An orange demon (Zig:27)
  9 gargoyles
  21 spiny frogs
  12 smoke demons
  A spiny frog (shapeshifter) (Zig:14)
  A torpor snail (shapeshifter) (Zig:16)
  An eye of devastation (shapeshifter) (Zig:16)
  35 vault sentinels
  10 komodo dragons
  10 torpor snails
  10 apocalypse crabs
  An orange crystal statue (Zot:5)
  30 naga magi
  9 kobold demonologists
  2 yaktaur zombies
  A komodo dragon (shapeshifter) (Depths:2)
  47 yaktaurs
  6 fire drakes
  5 spectral swamp worms (Depths:1)
  A queen bee (shapeshifter) (Zig:16)
  5 ancient zymes
  2 efreet
  12 deep elf priests
  A tengu conjurer (Depths:3)
  A hellwing (Abyss:3)
  A fire drake (shapeshifter) (Vaults:1)
  3 red devils (Crypt:3)
  3 hellions
  3 tormentors
  39 guardian mummies
  9 trolls
  24 merfolk
  A blue devil (Depths:3)
  A harpy zombie (Abyss:3)
  3 freezing wraiths
  4 wind drakes
  2 two-headed ogres (shapeshifter)
  5 jumping spiders
  A wind drake (shapeshifter) (Zig:16)
  17 polar bears
  A yaktaur (shapeshifter) (Depths:4)
  2 tengu simulacra
  Grinder (D:5)
  10 raiju
  Prince Ribbit (D:5)
  A death drake skeleton (Crypt:2)
  15 two-headed ogres
  12 boulder beetles
  121 slime creatures
  5 giant leeches
  5 ushabtiu
  A harpy skeleton (Abyss:3)
  3 snapping turtles (shapeshifter)
  5 bog bodies
  A deep troll zombie (Depths:1)
  A minotaur skeleton (Crypt:1)
  11 snapping turtles
  A fire dragon zombie (D:15)
  A guardian serpent zombie (Crypt:1)
  2 raiju (shapeshifter)
  A griffon zombie (Crypt:2)
  23 flying skulls
  7 spriggans
  27 blink frogs
  2 trapdoor spiders
  2 spriggan skeletons
  60 yaks
  An ice dragon skeleton (Crypt:2)
  An ettin skeleton (Crypt:3)
  2 fire dragon skeletons
  5 wyverns
  24 redbacks
  5 basilisks
  22 water elementals
  6 air elementals
  A stone giant simulacrum (Depths:1)
  11 neqoxecs
  15 hippogriffs
  30 deep elf magi
  An elf zombie (Zig:26)
  20 humans (D:13)
  2 steam dragons (Zig:17)
  13 wraiths
  5 ynoxinuls
  2 tarantellas (shapeshifter)
  A basilisk (shapeshifter) (D:15)
  4 fire elementals (Snake:2)
  2 humans (shapeshifter)
  6 chaos spawn
  A naga (shapeshifter) (Vaults:4)
  7 shadows
  Grum (Lair:1)
  30 vampire mosquitoes
  4 vampires
  8 golden eyes
  6 hungry ghosts
  4 hogs (Lair:5)
  A steam dragon (shapeshifter) (Zig:14)
  43 nagas
  21 deep elf fighters
  A swamp worm (Lair:5)
  5 elf skeletons
  A yak (shapeshifter) (Depths:1)
  3 insubstantial wisps
  A spatial vortex (Abyss:3)
  28 wolves
  16 wargs
  Edmund (D:5)
  An infernal demonspawn zombie (Crypt:1)
  30 small abominations
  4 mottled dragons (Zig:17)
  A deep troll skeleton (Crypt:2)
  9 wasps
  20 water moccasins
  40 large abominations
  9 hell hounds
  50 orc warriors
  9 swamp drakes
  A black bear (shapeshifter) (Vaults:1)
  8 eyes of draining
  3 phantoms
  A manticore zombie (Tomb:1)
  18 porcupines
  13 black bears
  3 ice beasts
  An eye of draining (shapeshifter) (Vaults:4)
  59 ogres
  6 boggarts
  3 necrophages
  2 snapping turtle zombies (Crypt:3)
  27 centaurs
  24 crocodiles
  5 sky beasts
  A boggart (shapeshifter) (D:13)
  An anubis guard skeleton (Crypt:2)
  A brain worm (D:15)
  6 big kobolds
  The ghost of Kangaxx the Magician, an amateur DEWz (D:3)
  Blork the orc (D:5)
  15 giant frogs
  A water moccasin zombie (Crypt:1)
  4 earth elementals
  A wyvern skeleton (D:12)
  3 scorpions
  15 killer bees
  24 wights
  An elf simulacrum (Vaults:3)
  3 tengu skeletons
  3 electric eels (Snake:3)
  A wolf zombie (Crypt:2)
  18 crimson imps
  5 giant frog zombies
  12 starcursed masses
  2 giant frog skeletons
  26 jellies
  4 iron imps
  A yaktaur simulacrum (Vaults:1)
  4 centaur skeletons
  Crazy Yiuf (D:5)
  25 orc priests
  49 orc wizards
  19 hounds
  3 quasits
  A human skeleton (Tomb:1)
  9 iguanas
  A lightning spire (Zig:16)
  11 worker ants
  6 hell rats (Lair:4)
  24 sheep
  A killer bee zombie (D:7)
  A deep dwarf skeleton (Crypt:1)
  A mottled dragon skeleton (Crypt:1)
  A hound skeleton (D:6)
  A hound zombie (D:7)
  48 mummies
  2 worker ant zombies
  10 adders
  A river rat (shapeshifter) (Vaults:5)
  53 river rats
  3 shadow imps
  8 white imps
  A giant eyeball (Vaults:4)
  An ooze (D:1)
  2 adder zombies (D:6)
  2 adder skeletons
  9 worms
  A worm (shapeshifter) (Vaults:4)
  4 giant geckos
  221 orcs
  13 goblins
  7 hobgoblins
  12 jackals
  21 kobolds
  6 quokkas
  4 ball pythons
  7 bats
  11 giant cockroaches
  8 giant newts
  A jackal skeleton (D:4)
  A jackal zombie (D:7)
  A kobold zombie (Crypt:1)
  A quokka skeleton (D:8)
  8 rats
  7 fire vortices
  8 fungi
  3 lost souls
  32 plants
  2 starspawn tentacles (Abyss:3)
4194 creatures vanquished.

Vanquished Creatures (collateral kills)
  3 greater mummies
  A pandemonium lord (Zig:14)
  2 golden dragons
  A titan (Vaults:5)
  A tentacled starspawn (Zig:25)
  A death cob (Zot:4)
  Agnes (Snake:1)
  A shadow dragon (Vaults:5)
  A revenant (Crypt:1)
  A greater naga (Snake:2)
  2 draconian monks
  2 draconian knights (Zig:22)
  A draconian scorcher (Zig:24)
  A frost giant (Depths:3)
  An iron dragon (Zot:4)
  A vault warden (Vaults:5)
  A ghoul (Crypt:1)
  A very ugly thing (Vaults:5)
  A draconian shifter (Zot:5)
  3 green draconians
  4 stone giants
  A black draconian (Zot:3)
  2 starcursed masses
  A yellow draconian (Zot:5)
  2 white draconians
  A purple draconian (Zot:3)
  2 mottled draconians
  A fire dragon (Zig:17)
  3 vault guards
  2 jiangshi
  2 naga warriors
  A thrashing horror (Zig:25)
  A naga sharpshooter (Snake:4)
  A titan skeleton (Zig:26)
  A wretched star (Zig:25)
  An ironbrand convoker (Vaults:4)
  A tengu zombie (Vaults:3)
  An ugly thing (Vaults:2)
  A frost giant zombie (Depths:4)
  A shadow dragon skeleton (Crypt:2)
  2 black mambas
  A naga mage (Snake:4)
  A yaktaur (Vaults:1)
  An ancient zyme (Zig:25)
  A guardian mummy (Tomb:1)
  A polar bear (IceCv)
  A redback (Depths:3)
  A shadow (Crypt:3)
  A ynoxinul (Zig:27)
  A chaos spawn (Zig:11)
  A vampire mosquito (Zig:20)
  A large abomination (Zig:25)
  A naga (Snake:2)
  2 ogres
  A centaur (D:13)
  A small abomination (Zig:25)
  A killer bee (D:11)
  An orc priest (D:6)
  A porcupine zombie (Crypt:2)
  9 mummies
  A white imp (Abyss:3)
  3 orcs
  A kobold (Vaults:3)
  A starspawn tentacle (Zig:25)
93 creatures vanquished.

Vanquished Creatures (others)
  An eldritch tentacle (Zig:14)
  A fire giant (Depths:4)
  A draconian scorcher (Zig:23)
  An ironheart preserver (Zig:16)
  A deep elf demonologist (Elf:3)
  A white draconian (Zig:23)
  A bennu (Zig:26)
  A yaktaur captain (Depths:1)
  An unseen horror (D:13)
  2 death scarabs (Tomb:1)
  An orange crystal statue (Zig:11)
  A gargoyle (Zig:19)
  A black mamba (Snake:1)
  A tormentor (Zig:27)
  A raiju (Abyss:3)
  An ettin skeleton (Depths:2)
  A human (Lair:5)
  An elf simulacrum (Zig:25)
  A wraith (Crypt:3)
  2 wolves (IceCv)
  A naga (Zig:27)
  A giant frog (Lair:5)
  A small abomination (Abyss:3)
  A crimson imp (Depths:1)
  An orc (D:13)
  61 eldritch tentacle segments (Zig:14)
  1154 fire vortices
  42 fungi
  6 lost souls
  2 lurking horrors (Abyss:3)
  132 plants
  18 starspawn tentacles
  148 starspawn tentacle segments
1590 creatures vanquished.

Grand Total: 5877 creatures vanquished

Notes
Turn   | Place    | Note
--------------------------------------------------------------
     0 | D:1      | Kangaxx the Deep Elf Wizard began the quest for the Orb.
     0 | D:1      | Reached XP level 1. HP: 10/10 MP: 7/7
   167 | D:1      | Reached XP level 2. HP: 15/15 MP: 1/9
   791 | D:1      | Reached XP level 3. HP: 13/19 MP: 0/11
   827 | D:1      | You fall through a shaft!
  1527 | D:2      | Learned a level 2 spell: Blink
  1530 | D:2      | Learned a level 2 spell: Repel Missiles
  1534 | D:2      | Learned a level 3 spell: Mephitic Cloud
  1538 | D:2      | Learned a level 3 spell: Conjure Flame
  1743 | D:2      | Found a shimmering altar of Xom.
  1994 | D:3      | Noticed a sky beast
  2357 | D:3      | Reached XP level 4. HP: 17/24 MP: 1/12
  2629 | D:3      | Reached skill level 5 in Spellcasting
  2749 | D:3      | Found a shattered altar of Ashenzari.
  2853 | D:3      | Found a shadowy altar of Dithmenos.
  2944 | D:3      | Noticed Kangaxx's ghost (amateur DEWz)
  2957 | D:3      | Killed Kangaxx's ghost
  2957 | D:3      | Reached skill level 1 in Charms
  2957 | D:3      | Reached XP level 5. HP: 28/28 MP: 8/14
  3200 | D:4      | Found Suulio's Assorted Antiques.
  3251 | D:4      | Bought a scroll labeled MUSYOTHUPNI for 24 gold pieces
  3251 | D:4      | Bought a black potion for 21 gold pieces
  3251 | D:4      | Bought a scroll labeled DOBEIF LONLA for 24 gold pieces
  3251 | D:4      | Bought a scroll labeled MUCOT OSONWI for 24 gold pieces
  3251 | D:4      | Bought a scroll labeled FAUW WEV LANO for 24 gold pieces
  3251 | D:4      | Bought a scroll labeled JURAUHEFOOC for 24 gold pieces
  3251 | D:4      | Bought a fuming orange potion for 21 gold pieces
  3316 | D:4      | Reached skill level 1 in Fire Magic
  3316 | D:4      | Reached skill level 1 in Air Magic
  3375 | D:4      | Reached XP level 6. HP: 21/32 MP: 8/15
  3501 | D:4      | Reached skill level 1 in Poison Magic
  3501 | D:4      | Reached skill level 1 in Evocations
  3664 | D:4      | You fall through a shaft for 2 floors!
  3729 | D:6      | Killed a sky beast
  3750 | D:6      | Gained mutation: You have a beak for a mouth. [mutagenic meat]
  3751 | D:6      | Gained mutation: You are occasionally teleported to nearby monsters. [mutagenic meat]
  3785 | D:6      | Reached XP level 7. HP: 23/36 MP: 4/17
  4320 | D:6      | Found a snail-covered altar of Cheibriados.
  4388 | D:6      | Reached skill level 5 in Conjurations
  4451 | D:6      | Reached XP level 8. HP: 33/41 MP: 4/18
  4537 | D:6      | Reached skill level 6 in Spellcasting
  4667 | D:6      | Found a staircase to the Ecumenical Temple.
  4849 | Temple   | Entered the Ecumenical Temple
  5083 | D:5      | Entered Level 5 of the Dungeon
  5083 | D:5      | Noticed Prince Ribbit
  5111 | D:5      | Found a radiant altar of Vehumet.
  5111 | D:5      | Found a bloodstained altar of Trog.
  5111 | D:5      | Found a snail-covered altar of Cheibriados.
  5111 | D:5      | Found a glowing golden altar of the Shining One.
  5114 | D:5      | Found a sparkling altar of Nemelex Xobeh.
  5116 | D:5      | Became a worshipper of Vehumet
  5182 | D:5      | Noticed Edmund
  5203 | D:5      | Noticed Blork the orc
  5575 | D:5      | Noticed Grinder
  5648 | D:5      | Reached skill level 5 in Dodging
  5669 | D:5      | Found a stormy altar of Qazlal.
  5779 | D:5      | Killed Prince Ribbit
  5779 | D:5      | Reached skill level 5 in Stealth
  5906 | D:5      | Noticed Crazy Yiuf
  5917 | D:5      | Killed Crazy Yiuf
  6003 | D:5      | Killed Grinder
  6003 | D:5      | Reached XP level 9. HP: 45/45 MP: 5/20
  6124 | D:5      | Killed Blork the orc
  6194 | D:5      | Killed Edmund
  6347 | D:5      | Got a jewelled plate armour
  6579 | D:7      | Acquired Vehumet's first power
  6579 | D:7      | Offered knowledge of Shock by Vehumet.
  6931 | D:7      | Reached skill level 5 in Charms
  7262 | D:8      | Reached skill level 7 in Spellcasting
  8510 | D:8      | Offered knowledge of Throw Frost by Vehumet.
  8585 | D:9      | Reached XP level 10. HP: 50/50 MP: 14/22
  8641 | D:9      | Noticed a gargoyle
  9006 | D:9      | Identified the +5 plate armour "Modywniwn" {Str+2} (You found it on level 5 of the Dungeon)
  9143 | D:10     | Entered Level 10 of the Dungeon
  9404 | D:10     | Noticed an unseen horror
  9418 | D:10     | Killed an unseen horror
  9418 | D:10     | Reached skill level 5 in Translocations
  9503 | D:10     | Reached skill level 5 in Fire Magic
  9802 | D:10     | Found a staircase to the Lair.
  9840 | D:10     | Reached skill level 8 in Conjurations
  9919 | D:10     | Noticed an unseen horror
  9927 | D:10     | Killed an unseen horror
 10645 | D:9      | Offered knowledge of Static Discharge by Vehumet.
 10645 | D:9      | Reached skill level 5 in Air Magic
 11104 | D:4      | Bought a hardcover book for 360 gold pieces
 11367 | Lair:1   | Entered Level 1 of the Lair of Beasts
 11576 | Lair:1   | Learned a level 6 spell: Bolt of Fire
 11810 | Lair:1   | Acquired Vehumet's second power
 12025 | Lair:1   | Noticed Grum
 12045 | Lair:1   | Reached XP level 11. HP: 54/54 MP: 15/25
 12061 | Lair:1   | Killed Grum
 12063 | Lair:1   | Noticed a seven-headed hydra
 12071 | Lair:1   | Killed a seven-headed hydra
 12071 | Lair:1   | Reached skill level 9 in Conjurations
 12193 | Lair:1   | Offered knowledge of Ignite Poison by Vehumet.
 13116 | Lair:2   | Acquired Vehumet's third power
 13116 | Lair:2   | Reached skill level 10 in Conjurations
 13297 | Lair:2   | Offered knowledge of Lightning Bolt by Vehumet.
 13349 | Lair:2   | Noticed Sonja
 13351 | Lair:2   | Killed Sonja
 13942 | Lair:3   | Reached skill level 11 in Conjurations
 14471 | Lair:3   | Reached skill level 10 in Fire Magic
 14471 | Lair:3   | Reached XP level 12. HP: 40/59 MP: 3/26
 14585 | Lair:3   | Noticed a five-headed hydra
 14589 | Lair:3   | Killed a five-headed hydra
 14934 | Lair:3   | Reached skill level 12 in Conjurations
 15542 | Lair:4   | Noticed an eight-headed hydra
 15546 | Lair:4   | Killed an eight-headed hydra
 15700 | Lair:4   | Learned a level 5 spell: Lightning Bolt
 15761 | Lair:4   | Noticed a four-headed hydra
 16258 | Lair:4   | Killed a four-headed hydra
 16510 | Lair:4   | Found a staircase to the Shoals.
 16534 | Lair:4   | Reached skill level 13 in Conjurations
 16900 | Lair:5   | Found a shattered altar of Ashenzari.
 16967 | Lair:5   | Offered knowledge of Iskenderun's Battlesphere by Vehumet.
 16972 | Lair:5   | Noticed Kirke
 17476 | Lair:5   | Found a staircase to the Snake Pit.
 17520 | Lair:5   | Killed Kirke
 17520 | Lair:5   | Reached XP level 13. HP: 63/63 MP: 5/27
 18100 | Lair:6   | Reached skill level 14 in Conjurations
 18785 | Lair:6   | Found a staircase to the Slime Pits.
 19438 | Lair:7   | Learned a level 5 spell: Iskenderun's Battlesphere
 19849 | Lair:7   | Offered knowledge of Sticky Flame by Vehumet.
 20523 | Lair:8   | Entered Level 8 of the Lair of Beasts
 20540 | Lair:8   | Reached skill level 15 in Conjurations
 20566 | Lair:8   | Found a frozen archway.
 20789 | IceCv    | Entered an ice cave
 21415 | IceCv    | Noticed a frost giant
 21822 | Lair:8   | Reached XP level 14. HP: 68/68 MP: 10/28
 22039 | Lair:8   | Offered knowledge of Poison Arrow by Vehumet.
 22173 | Lair:8   | Got a twisted leather armour
 22184 | Lair:8   | Identified the +1 leather armour of Sin {+Inv rF- rCorr Str+4} (You found it on level 8 of the Lair of Beasts)
 22671 | Lair:8   | Reached skill level 16 in Conjurations
 22671 | Lair:8   | Reached skill level 15 in Fire Magic
 24093 | Lair:8   | Offered knowledge of Poisonous Cloud by Vehumet.
 24716 | Lair:8   | Reached skill level 17 in Conjurations
 25298 | Lair:8   | Got an encrusted ring mail
 25304 | Lair:8   | Identified the +4 ring mail of Failure {rPois Int+3 Dex+4} (You found it on level 8 of the Lair of Beasts)
 25436 | Lair:5   | Noticed Maud
 25441 | Lair:5   | Killed Maud
 25771 | D:11     | Got a smoking leather armour
 25777 | D:11     | Identified the cursed +0 leather armour "Xicawer" {Str+3} (You found it on level 11 of the Dungeon)
 25824 | D:11     | Found a flagged portal.
 25880 | Bailey   | Entered a bailey
 26794 | D:11     | Gained mutation: You passively map a small area around you. [mutagenic meat]
 26795 | D:11     | Gained mutation: You are robust (+10% HP). [mutagenic meat]
 26796 | D:11     | Gained mutation: You are very robust (+20% HP). [mutagenic meat]
 26856 | D:11     | Reached XP level 15. HP: 86/86 MP: 9/29
 26887 | D:11     | Offered knowledge of Spellforged Servitor by Vehumet.
 27213 | D:11     | Noticed Nergalle
 27231 | D:11     | Killed Nergalle
 27843 | D:12     | Found a staircase to the Orcish Mines.
 28762 | D:12     | Offered knowledge of Conjure Ball Lightning by Vehumet.
 28907 | Orc:1    | Entered Level 1 of the Orcish Mines
 28907 | Orc:1    | Noticed Erica
 28910 | Orc:1    | Killed Erica
 29488 | Orc:2    | Found Gucaul's Book Emporium.
 29586 | Orc:2    | Reached skill level 18 in Conjurations
 29729 | Orc:3    | Noticed Nessos
 29731 | Orc:3    | Killed Nessos
 29959 | Orc:3    | Found a staircase to the Elven Halls.
 30292 | Orc:4    | Entered Level 4 of the Orcish Mines
 30479 | Orc:4    | Offered knowledge of Orb of Destruction by Vehumet.
 30602 | Orc:4    | Found Socsoi's Weapon Shoppe.
 30719 | Orc:4    | Found Tecuineq's Armour Boutique.
 30720 | Orc:4    | Paralysed by an orc sorcerer for 6 turns
 30950 | Orc:4    | Noticed Snorg
 30960 | Orc:4    | Killed Snorg
 31766 | Orc:4    | Found Gachyres's General Store.
 31767 | Orc:4    | Found Gafyhoale's Distillery.
 31805 | Orc:4    | Bought a potion of curing for 45 gold pieces
 31805 | Orc:4    | Bought a potion of cure mutation for 525 gold pieces
 31805 | Orc:4    | Bought a potion of haste for 150 gold pieces
 31805 | Orc:4    | Bought 2 potions of degeneration for 30 gold pieces
 31805 | Orc:4    | Bought a potion of mutation for 37 gold pieces
 31805 | Orc:4    | Bought a potion of berserk rage for 75 gold pieces
 31815 | Orc:4    | Gained mutation: You are partially covered in yellow scales (AC +2). [potion of mutation]
 31815 | Orc:4    | Gained mutation: You have sharp fingernails. [potion of mutation]
 31815 | Orc:4    | Gained mutation: You are covered in fur (AC +1). [potion of mutation]
 31820 | Orc:4    | Bought a scroll of identify for 28 gold pieces
 31820 | Orc:4    | Bought a scroll of remove curse for 42 gold pieces
 31820 | Orc:4    | Bought 3 scrolls of identify for 84 gold pieces
 31820 | Orc:4    | Bought a scroll of magic mapping for 49 gold pieces
 31845 | Orc:4    | Bought the ring of Shadows {Umbra +Inv rN+ SInv} for 635 gold pieces
 32101 | Orc:2    | You fall through a shaft!
 32144 | Elf:1    | Entered Level 1 of the Elven Halls
 32794 | Elf:1    | Found a deep blue altar of Sif Muna.
 33917 | Elf:2    | Found Paifuaxeoh's Gadget Boutique.
 33995 | Elf:2    | Reached skill level 19 in Conjurations
 33995 | Elf:2    | Reached XP level 16. HP: 91/91 MP: 18/30
 34087 | Elf:2    | Noticed a deep elf blademaster
 34136 | Elf:2    | Found a runed gate.
 34136 | Elf:2    | Found a runed gate.
 34136 | Elf:2    | Found a runed gate.
 34726 | Elf:2    | Lost mutation: You have sharp fingernails. [potion of cure mutation]
 34726 | Elf:2    | Lost mutation: You have a beak for a mouth. [potion of cure mutation]
 34726 | Elf:2    | Lost mutation: You are very robust (+20% HP). [potion of cure mutation]
 35202 | D:13     | Found a large runed door.
 35205 | D:13     | Found a large runed door.
 35208 | D:13     | Found a large runed door.
 35273 | D:13     | Gained mutation: You evolve. [mutagenic meat]
 35275 | D:13     | Gained mutation: You can spit weak poison. [mutagenic meat]
 35276 | D:13     | Gained mutation: You are sometimes teleported to nearby monsters. [mutagenic meat]
 35277 | D:13     | Gained mutation: Your mind is acute. (Int +2) [mutagenic meat]
 35484 | D:13     | Found a large runed door.
 35484 | D:13     | Found a large runed door.
 35558 | D:13     | Found a large runed door.
 35631 | D:13     | Offered knowledge of Fire Storm by Vehumet.
 35631 | D:13     | Offered knowledge of Chain Lightning by Vehumet.
 35631 | D:13     | Offered knowledge of Tornado by Vehumet.
 36106 | D:13     | Found a gate to the Vaults.
 36334 | D:13     | Found a large runed door.
 36346 | D:13     | Found a large runed door.
 36578 | D:13     | Paralysed by a sphinx for 4 turns
 36848 | D:13     | Got a jewelled morningstar
 36849 | D:13     | Identified the +1 morningstar of Honour {antimagic, Int+4 Dex+4} (You found it on level 13 of the Dungeon)
 37190 | D:13     | Reached skill level 20 in Conjurations
 37778 | D:14     | Gained mutation: You are clumsy. (Dex -2) [mutagenic meat]
 37779 | D:14     | Lost mutation: You are clumsy. (Dex -2) [mutagenic meat]
 37780 | D:14     | Gained mutation: You are partially covered in icy blue scales (AC +1). [mutagenic meat]
 37781 | D:14     | Gained mutation: You are clumsy. (Dex -2) [mutagenic meat]
 37920 | D:14     | Got a dazzling ring mail
 37926 | D:14     | Identified the +3 ring mail "Ylaze" {rElec Dex+3} (You found it on level 14 of the Dungeon)
 37950 | D:14     | Found a sacrificial altar of Ru.
 38148 | D:14     | Noticed Rupert
 38152 | D:14     | Paralysed by Rupert for 2 turns
 38161 | D:14     | Killed Rupert
 38474 | D:15     | Entered Level 15 of the Dungeon
 38631 | D:15     | Identified a +3 rod of inaccuracy (12/12) (You found it on level 15 of the Dungeon)
 38641 | D:15     | Got a dazzling plate armour
 38647 | D:15     | Identified the cursed +0 plate armour of the Vaults {rN+} (You found it on level 15 of the Dungeon)
 38732 | D:15     | Reached XP level 17. HP: 86/88 MP: 16/31
 38876 | D:15     | Found a glowing golden altar of the Shining One.
 38954 | D:15     | Lost mutation: You are clumsy. (Dex -2) [mutagenic meat]
 38955 | D:15     | Gained mutation: You are very robust (+20% HP). [mutagenic meat]
 38956 | D:15     | Lost mutation: You can spit weak poison. [mutagenic meat]
 39453 | D:15     | Found a staircase to the Depths.
 39742 | D:15     | Upgraded the game from 0.17-a0-1976-g482a304 to 0.17-a0-1984-g55f5988
 40428 | D:12     | Gained mutation: You possess an exceptional clarity of mind. [evolution]
 41653 | Snake:1  | Entered Level 1 of the Snake Pit
 41980 | Depths:1 | Entered Level 1 of the Depths
 42183 | Depths:1 | Found a gateway to Hell.
 42356 | Depths:1 | Reached skill level 1 in Fighting
 44232 | Lair:1   | Learned a level 6 spell: Bolt of Cold
 44239 | Lair:1   | Learned a level 6 spell: Freezing Cloud
 44499 | Snake:1  | Noticed Agnes
 44512 | Snake:1  | Noticed Oddball22's ghost (journeyman DsAr)
 44999 | Snake:1  | Killed Oddball22's ghost
 44999 | Snake:1  | Reached skill level 1 in Ice Magic
 45252 | Lair:5   | Noticed Josephine
 45254 | Lair:5   | Killed Josephine
 45770 | D:15     | Reached skill level 10 in Spellcasting
 46075 | Depths:1 | Got a bloodstained leather armour
 46086 | Depths:1 | Identified the cursed +1 leather armour of the Valley of Death {rElec rPois rN+++ MP-9} (You found it on level 1 of the Depths)
 46281 | Depths:1 | HP: 1/103 [fire dragon/blast of flame (47)]
 46760 | Depths:2 | Found a one-way gate to the infinite horrors of the Abyss.
 46999 | Depths:2 | Gained mutation: You are agile. (Dex +2) [evolution]
 47202 | Depths:2 | Found a deep blue altar of Sif Muna.
 47209 | Depths:2 | Reached XP level 18. HP: 47/109 MP: 24/35
 48089 | Elf:2    | Killed a deep elf blademaster
 48369 | Elf:3    | Entered Level 3 of the Elven Halls
 49491 | Elf:3    | Reached skill level 15 in Spellcasting
 50015 | Elf:3    | Got a bound turquoise ring
 50382 | Elf:3    | Got a bound iron amulet
 50401 | Elf:3    | Gained mutation: Your spells are a little harder to cast, but a little more powerful. [evolution]
 50617 | Elf:3    | Reached XP level 19. HP: 114/114 MP: 30/43
 50853 | Elf:3    | Lost strength.
 50853 | Elf:3    | Identified the amulet "Suforug" {rElec rC+ Regen+ Str-4 Int+2} (You took it off a deep elf demonologist on level 3 of the Elven Halls)
 50872 | Elf:3    | Identified the ring "Idilles" {Wiz +Fly Dex+2} (You took it off a deep elf annihilator on level 3 of the Elven Halls)
 50924 | Elf:3    | Identified a +0 pair of boots of running (You found it on level 3 of the Elven Halls)
 50952 | Elf:3    | Identified a scroll of acquirement
 51002 | Elf:3    | Got a fine hunting sling
 51068 | Elf:3    | Got a pitted leather armour
 51080 | Elf:3    | Identified the cursed +0 leather armour of Qexyni {rF+ Dex+3} (You took it off a deep elf demonologist on level 3 of the Elven Halls)
 51104 | Elf:3    | Got an ancient rapier {pierce}
 51105 | Elf:3    | Identified the +9 rapier of Distraction {pierce, *Rage rPois MR+ Dex+6} (You took it off a deep elf annihilator on level 3 of the Elven Halls)
 51115 | Elf:3    | Got a crystal hand axe {pain}
 51116 | Elf:3    | Identified the +6 hand axe "Cocecvahi" {pain, *Noise rElec Str+5 Dex+2} (You took it off a deep elf annihilator on level 3 of the Elven Halls)
 51158 | Elf:3    | Lost strength.
 51158 | Elf:3    | Identified the +1 hunting sling "Jolli" {venom, rElec rC+} (You found it on level 3 of the Elven Halls)
 51186 | Elf:3    | Got a slimy morningstar
 51187 | Elf:3    | Lost strength.
 51187 | Elf:3    | Identified the +3 morningstar of Kucali {venom, *Confuse Str+8 Dex-4} (You found it on level 3 of the Elven Halls)
 51215 | Elf:3    | Got a bloodstained short sword
 51216 | Elf:3    | Lost strength.
 51216 | Elf:3    | Identified the +7 short sword "Xataahiosk" {antimagic, *Noise +Fly rC++ rN+} (You found it on level 3 of the Elven Halls)
 51408 | Elf:1    | Learned a level 9 spell: Fire Storm
 51800 | Depths:1 | Reached skill level 21 in Conjurations
 52432 | Depths:1 | Got an encrusted great sword {slice}
 52433 | Depths:1 | Lost strength.
 52433 | Depths:1 | Identified the cursed +0 great sword of Cuaqun {slice, rPois} (You took it off a balrug on level 1 of the Depths)
 53592 | Depths:2 | Identified Nammurcho's Incunabulum of the Volcanoes
 53614 | Depths:2 | Identified Habavo Tout's Tome of Gliding Self-Improvement
 53692 | Depths:2 | Noticed a lich
 53693 | Depths:2 | Killed a lich
 53706 | Depths:2 | Identified the Catalogue of Quantum Cold
 53715 | Depths:2 | Learned a level 5 spell: Bolt of Magma
 53742 | Depths:2 | Identified Roxanne's Papyrus of the Mutagenic Rocks
 53744 | Depths:2 | Identified Elat's Compendium of Burning Confrontation
 54876 | Depths:3 | Reached XP level 20. HP: 120/120 MP: 32/46
 55299 | Depths:3 | Found a gateway to a ziggurat.
 55560 | Depths:3 | Found a one-way gate leading to the halls of Pandemonium.
 56011 | Depths:4 | Reached skill level 10 in Charms
 56192 | Depths:4 | Learned a level 1 spell: Apportation
 56195 | Depths:4 | Learned a level 2 spell: Shroud of Golubria
 56342 | Depths:4 | Found Qacocezi's Armour Shop.
 56453 | Depths:4 | Found a corrupted altar of Lugonu.
 56469 | Depths:4 | Identified Lugonu's Collected Works on Conjuration (You found it on level 4 of the Depths)
 56618 | Depths:4 | Got an ancient battleaxe {chop}
 56621 | Depths:4 | Lost strength.
 56621 | Depths:4 | Identified the +1 battleaxe "Vituez" {chop, rElec rPois} (You took it off a frost giant on level 4 of the Depths)
 57232 | Depths:4 | Identified Iskenderun's Incunabulum of Vitriolic Battle Magic
 57272 | Depths:5 | Entered Level 5 of the Depths
 57468 | Depths:5 | Reached skill level 22 in Spellcasting
 57613 | Depths:5 | Gained mutation: You have large cloven feet. [evolution]
 57679 | Depths:5 | Noticed a golden dragon
 57681 | Depths:5 | Killed a golden dragon
 57682 | Depths:5 | Reached XP level 21. HP: 90/124 MP: 39/49
 57724 | Depths:5 | Noticed a golden dragon
 57727 | Depths:5 | Killed a golden dragon
 57858 | Depths:5 | Found a gate to the Realm of Zot.
 57906 | Depths:5 | Noticed a golden dragon
 57912 | Depths:5 | Killed a golden dragon
 58977 | Snake:1  | Gained mutation: Your flesh is cold resistant. [potion of beneficial mutation]
 59128 | Snake:1  | Killed Agnes
 59393 | Snake:2  | Reached skill level 23 in Spellcasting
 59394 | Snake:2  | Noticed Jorgrun
 59396 | Snake:2  | Killed Jorgrun
 59535 | Snake:2  | Noticed Azrael
 59602 | Snake:2  | Killed Azrael
 60177 | Snake:2  | Noticed Louise
 60178 | Snake:2  | Killed Louise
 61341 | Snake:3  | Reached XP level 22. HP: 116/130 MP: 11/51
 61700 | Snake:3  | Found Wihona's Book Emporium.
 61911 | Snake:3  | Gained mutation: Your spells are harder to cast, but more powerful. [evolution]
 61923 | Snake:4  | Entered Level 4 of the Snake Pit
 62066 | Snake:4  | Gained mutation: Your body sometimes deteriorates upon taking damage. [mutagenic glow]
 62200 | Snake:4  | Reached skill level 24 in Spellcasting
 62490 | Snake:4  | Got a serpentine rune of Zot
 63224 | Vaults:1 | Entered Level 1 of the Vaults
 63499 | Vaults:1 | Noticed Donald
 63503 | Vaults:1 | Killed Donald
 63878 | Vaults:1 | Reached skill level 15 in Charms
 65138 | Vaults:2 | Reached skill level 25 in Spellcasting
 65889 | Vaults:2 | Reached XP level 23. HP: 135/135 MP: 45/54
 66747 | Vaults:3 | Gained mutation: You rapidly evolve. [evolution]
 66835 | Vaults:3 | Found a staircase to the Crypt.
 67398 | Vaults:3 | Learned a level 5 spell: Fireball
 68358 | Vaults:4 | Reached skill level 26 in Spellcasting
 68416 | Vaults:4 | Got an iridescent war axe {chop}
 68417 | Vaults:4 | Lost strength.
 68417 | Vaults:4 | Identified the +8 war axe of the Open Hand {chop, Dex+4} (You took it off an ironheart preserver on level 4 of the Vaults)
 69210 | Vaults:4 | Got a slimy war axe {freeze}
 69212 | Vaults:4 | Lost strength.
 69212 | Vaults:4 | Identified the +6 war axe of Execution {freeze, rPois rC++ Str+5} (You took it off a vault sentinel on level 4 of the Vaults)
 69448 | Vaults:4 | Reached XP level 24. HP: 141/141 MP: 42/55
 70138 | Orc:4    | Bought the +1 mace of the Valley of Death {crush, rPois rF+++ rC- MP+9} for 535 gold pieces
 70869 | Vaults:5 | Entered Level 5 of the Vaults
 70873 | Vaults:5 | Reached skill level 27 in Spellcasting
 70889 | Vaults:5 | Noticed Sojobo
 70895 | Vaults:5 | Killed Sojobo
 70907 | Vaults:5 | Noticed an ancient lich
 70913 | Vaults:5 | Killed an ancient lich
 70917 | Vaults:5 | Noticed Mennas
 70963 | Vaults:5 | Killed Mennas
 70990 | Vaults:5 | Noticed an ancient lich
 70994 | Vaults:5 | Killed an ancient lich
 71167 | Vaults:5 | Reached skill level 1 in Earth Magic
 71502 | Vaults:5 | Noticed Wiglaf
 71503 | Vaults:5 | Killed Wiglaf
 71584 | Vaults:5 | Reached skill level 5 in Evocations
 71593 | Vaults:5 | Reached XP level 25. HP: 128/148 MP: 32/56
 71758 | Vaults:5 | Reached skill level 5 in Poison Magic
 71890 | Vaults:5 | Gained mutation: Your system is resistant to poisons. [evolution]
 72031 | Vaults:5 | Got a silver rune of Zot
 72299 | Vaults:5 | Got a warped wooden ring
 72301 | Vaults:5 | Identified the ring "Genoepsi" {rElec rPois Dex+3} (You found it on level 5 of the Vaults)
 72318 | Vaults:5 | Got a transparent plate armour
 72324 | Vaults:5 | Identified the +9 plate armour "Obottes" {rF+ Str+4 Int+2 Stlth+} (You found it on level 5 of the Vaults)
 72547 | Vaults:5 | Identified The Last Secrets of Sorcery (You found it on level 5 of the Vaults)
 72690 | Vaults:3 | Got a bloodstained greatsling
 72691 | Vaults:3 | Identified the cursed +1 greatsling "Cube" {venom, +Fly rF+} (You found it on level 3 of the Vaults)
 72697 | Vaults:3 | Reached skill level 5 in Ice Magic
 72858 | Vaults:2 | Got a pitted glaive
 72859 | Vaults:2 | Identified the +1 glaive "Vastase" {chop, SInv} (You took it off a centaur warrior on level 2 of the Vaults)
 73256 | Shoals:1 | Entered Level 1 of the Shoals
 73641 | Shoals:1 | Found Uhaek's Antique Weapon Shoppe.
 73643 | Shoals:1 | Bought a polished mace for 240 gold pieces
 73644 | Shoals:1 | Identified the +7 mace "Qioss" {drain, *Rage rF- Dex+9 Stlth+} (You bought it in a shop on level 1 of the Shoals)
 74003 | Shoals:2 | Reached skill level 10 in Dodging
 74472 | Shoals:2 | Got a wizard robe
 74484 | Shoals:2 | Identified the cursed +1 robe of the Pleiades {rC+ rN+ MP-9} (You found it on level 2 of the Shoals)
 75115 | Shoals:4 | Entered Level 4 of the Shoals
 75224 | Shoals:4 | Noticed Ilsuiw
 75226 | Shoals:4 | Killed Ilsuiw
 75346 | Shoals:4 | Reached skill level 10 in Stealth
 75407 | Shoals:4 | Got a barnacled rune of Zot
 75590 | Shoals:4 | Got an ichor-stained ring mail
 75596 | Shoals:4 | Identified the +2 ring mail of Noughts and Crosses {rC++} (You found it on level 4 of the Shoals)
 75633 | Shoals:4 | Identified the Incunabulum of Evil Ice (You found it on level 4 of the Shoals)
 76388 | Elf:1    | Learned a level 8 spell: Necromutation
 76760 | Depths:5 | Reached skill level 1 in Necromancy
 76775 | Zot:1    | Entered Level 1 of the Realm of Zot
 76777 | Zot:1    | Reached skill level 1 in Transmutations
 77237 | Zot:1    | Noticed an orb of fire
 77245 | Zot:1    | Killed an orb of fire
 77245 | Zot:1    | Reached skill level 5 in Necromancy
 77363 | Zot:1    | Reached skill level 5 in Transmutations
 77416 | Zot:1    | Reached XP level 26. HP: 158/158 MP: 52/56
 78804 | Zot:3    | Reached skill level 10 in Necromancy
 78834 | Zot:3    | Reached skill level 10 in Transmutations
 79296 | Zot:3    | Gained mutation: You are extremely robust (+30% HP). [evolution]
 79859 | Zot:4    | Noticed an ancient lich
 79861 | Zot:4    | Killed an ancient lich
 80098 | Zot:4    | Reached XP level 27. HP: 144/176 MP: 56/56
 81127 | Zot:5    | Entered Level 5 of the Realm of Zot
 81396 | Zot:5    | Noticed an orb of fire
 81403 | Zot:5    | Noticed an ancient lich
 81404 | Zot:5    | Killed an ancient lich
 81404 | Zot:5    | Reached skill level 15 in Necromancy
 81414 | Zot:5    | Lost mutation: Your mind is acute. (Int +2) [an orb of fire]
 81416 | Zot:5    | Noticed an orb of fire
 81416 | Zot:5    | Noticed an orb of fire
 81416 | Zot:5    | Noticed an ancient lich
 81736 | Zot:5    | Noticed an orb of fire
 81740 | Zot:5    | Gained mutation: You tend to lose your temper in combat. [an orb of fire]
 81747 | Zot:5    | Killed an orb of fire
 81751 | Zot:5    | Noticed an orb of fire
 81858 | Zot:5    | Gained mutation: Scrolls take you a little longer to read. [an orb of fire]
 81859 | Zot:5    | Gained mutation: Potions and wands are less effective at restoring your health. [an orb of fire]
 82182 | Zot:5    | Killed an orb of fire
 82182 | Zot:5    | Reached skill level 15 in Transmutations
 82184 | Zot:5    | Killed an orb of fire
 82240 | Zot:5    | Killed an ancient lich
 82323 | Zot:5    | Gained mutation: Scrolls take you longer to read. [an orb of fire]
 82324 | Zot:5    | Killed an orb of fire
 82588 | Zot:5    | Noticed an orb of fire
 82592 | Zot:5    | Gained mutation: You often lose your temper in combat. [an orb of fire]
 82593 | Zot:5    | Gained mutation: You expend magic power (3 MP) to strengthen your wands. [an orb of fire]
 82807 | Zot:4    | Upgraded the game from 0.17-a0-1984-g55f5988 to 0.17-a0-1989-gfb2cd5c
 83524 | Crypt:1  | Entered Level 1 of the Crypt
 84006 | Crypt:1  | Got a pitted quicksilver dragon armour
 84080 | Crypt:1  | Noticed Aizul
 84081 | Crypt:1  | Killed Aizul
 84096 | Crypt:1  | Gained mutation: You have a pair of small antennae on your head. [evolution]
 84110 | Crypt:1  | Lost mutation: Your system is resistant to poisons. [mutagenic meat]
 84111 | Crypt:1  | Lost mutation: Scrolls take you longer to read. [mutagenic meat]
 84113 | Crypt:1  | Lost mutation: You are extremely robust (+30% HP). [mutagenic meat]
 84115 | Crypt:1  | Lost mutation: Potions and wands are less effective at restoring your health. [mutagenic meat]
 84512 | Crypt:1  | Identified the quicksilver dragon armour of Creativity {rF+ MR+ Dex+2} (You found it on level 1 of the Crypt)
 85368 | Crypt:3  | Entered Level 3 of the Crypt
 85875 | Crypt:3  | Found a staircase to the Tomb.
 85876 | Crypt:3  | Noticed an ancient lich
 86462 | Crypt:3  | Identified Sif Muna's Disquisition on Bewitchment (You found it on level 3 of the Crypt)
 86931 | Crypt:3  | Killed an ancient lich
 87013 | Crypt:3  | Got a heavily runed amber ring
 87017 | Crypt:3  | Identified the ring "Tagaob" {+Inv rN+ MR+++ Str+3 Stlth-} (You found it on level 3 of the Crypt)
 87023 | Crypt:3  | Noticed an ancient lich
 87465 | Crypt:3  | Killed an ancient lich
 88043 | Tomb:1   | Entered Level 1 of the Tomb of the Ancients
 88338 | Tomb:1   | Noticed Mara
 88502 | Crypt:3  | Learned a level 7 spell: Spellforged Servitor
 89416 | Tomb:2   | Noticed an ancient lich
 90254 | Depths:1 | Lost mutation: You are sometimes teleported to nearby monsters. [mutagenic meat]
 90488 | Depths:2 | Voluntarily entered the Abyss.
 90493 | Abyss:1  | Found a corrupted altar of Lugonu.
 90968 | Abyss:3  | Found a corrupted altar of Lugonu.
 91231 | Abyss:3  | Found a corrupted altar of Lugonu.
 91232 | Abyss:3  | Found a corrupted altar of Lugonu.
 91402 | Abyss:3  | Reached skill level 27 in Conjurations
 91535 | Abyss:3  | Got an abyssal rune of Zot
 91586 | Depths:2 | Escaped the Abyss
 91929 | Depths:2 | Learned a level 6 spell: Deflect Missiles
 91932 | Depths:2 | Learned a level 2 spell: Swiftness
 91936 | Depths:2 | Learned a level 2 spell: Stoneskin
 91940 | Depths:2 | Learned a level 3 spell: Ozocubu's Armour
 92007 | Depths:2 | Got a crude dagger
 92008 | Depths:2 | Identified the +3 dagger "Xiot" {antimagic, rPois Int+3 Stlth+} (You found it on level 2 of the Depths)
 92852 | Snake:3  | Bought a book of Necromancy for 300 gold pieces
 92856 | Snake:3  | Learned a level 3 spell: Regeneration
 92993 | Slime:1  | Entered Level 1 of the Pits of Slime
 95465 | Slime:6  | Entered Level 6 of the Pits of Slime
 96699 | Zot:2    | Got a twisted shortbow
 96700 | Zot:2    | Identified the +4 shortbow of the Swamp {freeze, Str+5} (You found it on level 2 of the Realm of Zot)
 97138 | Zot:5    | Killed an orb of fire
 97847 | Zig:1    | Entered Level 1 of a ziggurat
 97902 | Zig:2    | Entered Level 2 of a ziggurat
 97933 | Zig:2    | Got a smoking broad axe
 97935 | Zig:2    | Identified the +1 broad axe "Hutsidie" {venom, +Rage Dex+4} (You found it on level 2 of a ziggurat)
 97993 | Zig:3    | Entered Level 3 of a ziggurat
 98041 | Zig:3    | Got a scorched long sword
 98049 | Zig:3    | Identified the +7 long sword of Kismet {holy, +Blink rC+ Str-3 Int+7} (You found it on level 3 of a ziggurat)
 98097 | Zig:4    | Entered Level 4 of a ziggurat
 98159 | Zig:5    | Entered Level 5 of a ziggurat
 98189 | Zig:5    | Identified the Guide on Moulding and Poisoning
 98194 | Zig:5    | Got a dazzling leather armour
 98213 | Zig:5    | Identified the +3 leather armour of Etsorch {Dex+6 Slay+4 SInv Stlth-} (You found it on level 5 of a ziggurat)
 98241 | Zig:5    | Got a crystal dire flail
 98242 | Zig:5    | Lost strength.
 98242 | Zig:5    | Identified the +9 dire flail of the Solstice {flame, rElec rF+ rC+++ Str-5} (You found it on level 5 of a ziggurat)
 98277 | Zig:6    | Entered Level 6 of a ziggurat
 98349 | Zig:6    | Got a crystal war axe
 98350 | Zig:6    | Identified the +6 war axe of the Egg {antimagic, +Inv MR- Int+4 Dex+5} (You found it on level 6 of a ziggurat)
 98478 | Zig:7    | Entered Level 7 of a ziggurat
 98554 | Zig:7    | Got a faintly humming gold dragon armour
 98565 | Zig:7    | Identified the +5 gold dragon armour "Redan" {rPois rF+ rC+ MR+ Str-4 Int-4 Stlth+} (You found it on level 7 of a ziggurat)
 98565 | Zig:7    | Lost strength.
 98580 | Zig:7    | Got an ichor-stained halberd
 98581 | Zig:7    | Identified the +1 halberd of the Lamprey {holy, rPois rN+ Int+4} (You found it on level 7 of a ziggurat)
 98653 | Zig:8    | Entered Level 8 of a ziggurat
 98705 | Zig:8    | Upgraded the game from 0.17-a0-1989-gfb2cd5c to 0.17-a0-1997-ga88ed7d
 98717 | Zig:8    | Got a shimmering great sword
 98718 | Zig:8    | Identified the +6 great sword of Pain and Death {venom, Str+3} (You found it on level 8 of a ziggurat)
 98746 | Zig:8    | Got a pitted chain mail
 98760 | Zig:8    | Identified the +8 chain mail of Temperance {rF+} (You found it on level 8 of a ziggurat)
 98785 | Zig:8    | Got a faintly glowing chain mail
 98797 | Zig:8    | Identified the cursed +0 chain mail of Reason {-Cast Str+5 Dex+2} (You found it on level 8 of a ziggurat)
 98860 | Zig:9    | Entered Level 9 of a ziggurat
 99020 | Zig:10   | Entered Level 10 of a ziggurat
 99094 | Zig:10   | Got a flickering glass ring
 99098 | Zig:10   | Identified the ring of Xom's Ringing Laughter {SustAt rElec Int+4} (You found it on level 10 of a ziggurat)
 99142 | Zig:10   | Lost mutation: Scrolls take you a little longer to read. [evolution]
 99148 | Zig:10   | Identified the Volume of Virous Conjuration (You found it on level 10 of a ziggurat)
 99193 | Zig:11   | Entered Level 11 of a ziggurat
 99208 | Zig:11   | Noticed Mukoklai the pandemonium lord
 99210 | Zig:11   | Noticed Peotoucw the pandemonium lord
 99216 | Zig:11   | Killed Peotoucw the pandemonium lord
 99216 | Zig:11   | Killed Mukoklai the pandemonium lord
 99223 | Zig:11   | Noticed Hotorr the pandemonium lord
 99226 | Zig:11   | Killed Hotorr the pandemonium lord
 99283 | Zig:11   | Got a shimmering marble ring
 99285 | Zig:11   | Identified the ring of Fatigue {-Tele *Drain rC+++ Int+3 Stlth+} (You found it on level 11 of a ziggurat)
 99294 | Zig:11   | Got a steaming leather armour
 99297 | Zig:11   | Identified the cursed +1 leather armour of Contentment {Dex+3} (You found it on level 11 of a ziggurat)
 99305 | Zig:11   | Got a distressingly furry leather armour
 99310 | Zig:11   | Identified the +6 leather armour of the Burgomaster {MR++ Int-4} (You found it on level 11 of a ziggurat)
 99360 | Zig:12   | Entered Level 12 of a ziggurat
 99427 | Zig:12   | Identified Sif Muna's Guide on Good Luck (You found it on level 12 of a ziggurat)
 99442 | Zig:12   | Identified the Almanac of Unstable Companions
 99465 | Zig:12   | Got a pitted arbalest
 99466 | Zig:12   | Identified the +8 arbalest "Afuryas" {elec, rPois MR+ Str-2} (You found it on level 12 of a ziggurat)
 99515 | Zig:13   | Entered Level 13 of a ziggurat
 99580 | Zig:13   | Lost mutation: You have a pair of small antennae on your head. [potion of cure mutation]
 99580 | Zig:13   | Lost mutation: You expend magic power (3 MP) to strengthen your wands. [potion of cure mutation]
 99580 | Zig:13   | Lost mutation: Your body sometimes deteriorates upon taking damage. [potion of cure mutation]
 99580 | Zig:13   | Lost mutation: You are partially covered in yellow scales (AC +2). [potion of cure mutation]
 99600 | Zig:13   | Identified the Grimoire of Moulding
 99652 | Zig:14   | Entered Level 14 of a ziggurat
 99661 | Zig:14   | Noticed Piang the pandemonium lord
 99665 | Zig:14   | Noticed Unaetzug the pandemonium lord
 99665 | Zig:14   | Noticed Teink the pandemonium lord
 99668 | Zig:14   | Killed Teink the pandemonium lord
 99671 | Zig:14   | Noticed Zaecysyoll the pandemonium lord
 99671 | Zig:14   | Killed Piang the pandemonium lord
 99671 | Zig:14   | Reached skill level 27 in Fire Magic
 99677 | Zig:14   | Killed Unaetzug the pandemonium lord
 99686 | Zig:14   | Noticed Miathiqo the pandemonium lord
 99689 | Zig:14   | Killed Miathiqo the pandemonium lord
 99702 | Zig:14   | Killed Zaecysyoll the pandemonium lord
 99783 | Zig:14   | Identified Unkei's Primer on Hermeneutics
 99789 | Zig:14   | Got a clouded amber ring
 99792 | Zig:14   | Got a glittering glass ring
 99799 | Zig:14   | Identified the ring "Nawingerch" {MR+ Str+3 Dex+3 SInv} (You found it on level 14 of a ziggurat)
 99804 | Zig:14   | Identified the ring "Ecig" {rF++ Slay+3} (You found it on level 14 of a ziggurat)
 99817 | Zig:14   | Got a smoking rapier
 99819 | Zig:14   | Identified the +8 rapier "Nehutsoq" {pierce, *Noise rElec rC+ Dex+2} (You found it on level 14 of a ziggurat)
 99844 | Zig:14   | Got an iridescent falchion
 99845 | Zig:14   | Identified the +9 falchion of Anger {drain, *Confuse +Inv rC+ MR+} (You found it on level 14 of a ziggurat)
 99957 | Zig:15   | Entered Level 15 of a ziggurat
100062 | Zig:15   | Got a jewelled quarterstaff
100063 | Zig:15   | Identified the +9 quarterstaff of Guile {crush, Str+9} (You found it on level 15 of a ziggurat)
100071 | Zig:15   | Got a smoking bone ring
100073 | Zig:15   | Identified the ring "Nemedyirgh" {Wiz rC+} (You found it on level 15 of a ziggurat)
100121 | Zig:16   | Entered Level 16 of a ziggurat
100269 | Zig:16   | Got a fine scimitar
100270 | Zig:16   | Identified the cursed +0 scimitar of Courage {speed, *Contam rElec Int+10} (You found it on level 16 of a ziggurat)
100293 | Zig:16   | Got a smoking ivory ring
100295 | Zig:16   | Identified the ring "Jiabra" {+/*Tele +Fly Dex+4 SInv} (You found it on level 16 of a ziggurat)
100303 | Zig:16   | Got an encrusted chain mail
100304 | Zig:16   | Identified the +6 chain mail of Slovenliness {rPois} (You found it on level 16 of a ziggurat)
100409 | Zig:17   | Entered Level 17 of a ziggurat
100632 | Zig:17   | Got a wavering golden ring
100634 | Zig:17   | Identified the ring "Ysmiadait" {Str-3 Dex+5 SInv Stlth+} (You found it on level 17 of a ziggurat)
100656 | Zig:17   | Got an ancient jade ring
100657 | Zig:17   | Identified the ring "Uxudoh" {EV+2 Dex+4} (You found it on level 17 of a ziggurat)
100665 | Zig:17   | Identified the Handbook of the Oath (You found it on level 17 of a ziggurat)
100668 | Zig:17   | Got a flickering graven amulet
100669 | Zig:17   | Identified the amulet "Denirgh" {Ward rElec rN+} (You found it on level 17 of a ziggurat)
100680 | Zig:17   | Got a crystal lajatang
100681 | Zig:17   | Identified the +7 lajatang of Salt {flame, +Rage rPois Str-3 Dex+2} (You found it on level 17 of a ziggurat)
100730 | Zig:18   | Entered Level 18 of a ziggurat
100749 | Zig:18   | Noticed an ancient lich
100751 | Zig:18   | Noticed an ancient lich
100751 | Zig:18   | Killed an ancient lich
100752 | Zig:18   | Killed an ancient lich
100804 | Zig:18   | Got a translucent scale mail
100818 | Zig:18   | Identified the +6 scale mail of Watchfulness {Str+2} (You found it on level 18 of a ziggurat)
100849 | Zig:18   | Got a steaming hunting sling
100866 | Zig:18   | Identified the +7 hunting sling of the Nine Places {venom, MR+ Str-5 Stlth+} (You found it on level 18 of a ziggurat)
100888 | Zig:18   | Learned a level 7 spell: Controlled Blink
100927 | Zig:19   | Entered Level 19 of a ziggurat
101099 | Zig:19   | Lost mutation: You often lose your temper in combat. [evolution]
101178 | Zig:19   | Lost mutation: Your flesh is cold resistant. [potion of cure mutation]
101178 | Zig:19   | Lost mutation: You have large cloven feet. [potion of cure mutation]
101178 | Zig:19   | Lost mutation: Your spells are harder to cast, but more powerful. [potion of cure mutation]
101178 | Zig:19   | Lost mutation: You are agile. (Dex +2) [potion of cure mutation]
101178 | Zig:19   | Lost mutation: You are partially covered in icy blue scales (AC +1). [potion of cure mutation]
101183 | Zig:19   | Got a transparent mace
101184 | Zig:19   | Identified the +11 mace of Undoing {freeze, rElec rC+ rN++ MP-9} (You found it on level 19 of a ziggurat)
101191 | Zig:19   | Got a transparent flail
101193 | Zig:19   | Identified the +8 flail of Arbitration {vamp, rElec Int+5} (You found it on level 19 of a ziggurat)
101197 | Zig:19   | Got a steaming war axe
101198 | Zig:19   | Identified the +9 war axe "Garofieho" {freeze, +Rage MR+ Dex-3} (You found it on level 19 of a ziggurat)
101224 | Zig:19   | Got a steaming lajatang
101225 | Zig:19   | Identified the cursed +1 lajatang "Impslayer" {slice, rElec rC+ Dex+4 Stlth+} (You found it on level 19 of a ziggurat)
101230 | Zig:19   | Got a heavily runed scale mail
101241 | Zig:19   | Identified the +7 scale mail of Zoleibod {Stlth+} (You found it on level 19 of a ziggurat)
101254 | Zig:19   | Got a sparkling graven amulet
101255 | Zig:19   | Identified the amulet of Ceofuhir {rMut rF- rN+++ Int-5 Slay+3} (You found it on level 19 of a ziggurat)
101325 | Zig:20   | Entered Level 20 of a ziggurat
101430 | Zig:20   | Identified the Almanac of Black Secrets
101499 | Zig:20   | Got a pitted plate armour
101519 | Zig:20   | Identified the +1 plate armour of Iroheomn {rN+ MP+9 Dex+4} (You found it on level 20 of a ziggurat)
101529 | Zig:20   | Got a heavily runed scale mail
101539 | Zig:20   | Identified the +4 scale mail of Ceehode {Dex+4 Slay+2} (You found it on level 20 of a ziggurat)
101553 | Zig:20   | Reached skill level 5 in Invocations
101601 | Zig:21   | Entered Level 21 of a ziggurat
101692 | Zig:21   | Got a translucent flail
101693 | Zig:21   | Identified the cursed +1 flail of Pride {crush, Int+7} (You found it on level 21 of a ziggurat)
101695 | Zig:21   | Got a brightly glowing trident
101705 | Zig:21   | Identified the +8 trident of Soplytoc {pain, *Noise Str+5 Dex+3} (You found it on level 21 of a ziggurat)
101721 | Zig:21   | Got a crude amethyst amulet
101722 | Zig:21   | Identified the amulet of Ru's Regard {Gourm rC++ MP+9} (You found it on level 21 of a ziggurat)
101733 | Zig:21   | Identified Ommano's Papyrus of the Escort
101955 | Zig:22   | Entered Level 22 of a ziggurat
102040 | Zig:22   | Got a wavering amber ring
102043 | Zig:22   | Identified the ring of the Traitor {+Fly Int+5} (You found it on level 22 of a ziggurat)
102059 | Zig:22   | Got an ancient chain mail
102070 | Zig:22   | Identified the +5 chain mail "Zifijec" {rElec rN+} (You found it on level 22 of a ziggurat)
102078 | Zig:22   | Got a brightly glowing great mace
102079 | Zig:22   | Identified the +2 great mace of Gisobi {crush, +Inv rPois Int+7} (You found it on level 22 of a ziggurat)
102236 | Zig:23   | Entered Level 23 of a ziggurat
102358 | Zig:23   | Identified the Papyrus of Cold
102361 | Zig:23   | Got a smoking flail
102362 | Zig:23   | Identified the cursed +0 flail of Annoyance {elec, rElec rN+} (You found it on level 23 of a ziggurat)
102375 | Zig:23   | Got a pair of smoking gloves
102386 | Zig:23   | Identified the cursed +0 pair of gloves "Izaustin" {+Fly rCorr} (You found it on level 23 of a ziggurat)
102430 | Zig:23   | Got a crystal hand axe
102431 | Zig:23   | Identified the +10 hand axe "Ogreslayer" {drain, Dex+4} (You found it on level 23 of a ziggurat)
102434 | Zig:23   | Identified Pegod's Almanac of Mutagenic Conjuration
102467 | Zig:23   | Got a jewelled trident
102468 | Zig:23   | Identified the +3 trident "Fongiaxu" {pierce, *Noise rC++ MR+} (You found it on level 23 of a ziggurat)
102633 | Zig:24   | Entered Level 24 of a ziggurat
102655 | Zig:24   | Reached skill level 27 in Charms
102721 | Zig:24   | Got a translucent marble ring
102723 | Zig:24   | Identified the ring "Qesial" {+Inv rElec rC+ Dex+4} (You found it on level 24 of a ziggurat)
102727 | Zig:24   | Got a sparkling golden amulet
102728 | Zig:24   | Identified the amulet of Egalitarianism {Faith Slay+3} (You found it on level 24 of a ziggurat)
102735 | Zig:24   | Got a sapphire-encrusted mottled dragon armour
102774 | Zig:24   | Identified the +1 mottled dragon armour of Too Many Cooks {rPois Str+4 Dex+4} (You found it on level 24 of a ziggurat)
102816 | Zig:24   | Got a fine halberd
102817 | Zig:24   | Identified the +5 halberd "Beetlebane" {elec, rC+ rN+ Str-5} (You found it on level 24 of a ziggurat)
102938 | Zig:25   | Entered Level 25 of a ziggurat
102981 | Zig:25   | Reached skill level 27 in Transmutations
102982 | Zig:25   | Reached skill level 27 in Necromancy
103162 | Zig:25   | Got a dazzling scale mail
103173 | Zig:25   | Identified the +4 scale mail of Sorcery {rC+} (You found it on level 25 of a ziggurat)
103187 | Zig:25   | Identified the Incunabulum of the Shifting Rocks
103210 | Zig:25   | Identified the Volume of Assistive Black Secrets
103218 | Zig:25   | Identified the Grimoire of Beguiling
103222 | Zig:25   | Got a shimmering pewter ring
103224 | Zig:25   | Identified the ring "Hocagod" {rC+ MR++ Dex+2} (You found it on level 25 of a ziggurat)
103257 | Zig:25   | Gained mutation: You passively map the area around you. [potion of beneficial mutation]
103291 | Zig:26   | Entered Level 26 of a ziggurat
103325 | Zig:26   | Reached skill level 10 in Translocations
103334 | Zig:26   | HP: 3/168 [reaper/scythe of flaming[a mummy priest's death curse] (26)]
103985 | Zig:26   | Got a crystal spear
103987 | Zig:26   | Identified the +5 spear "Okhlud" {freeze, rElec} (You found it on level 26 of a ziggurat)
104017 | Zig:26   | Got a pair of jewelled boots
104028 | Zig:26   | Identified the -6 pair of boots "Luawuc" {*Confuse rElec rCorr} (You found it on level 26 of a ziggurat)
104051 | Zig:26   | Learned a level 2 spell: Sublimation of Blood
104055 | Zig:26   | Got a crude quarterstaff
104056 | Zig:26   | Identified the +3 quarterstaff "Reodgh" {crush, rF+ rC- Dex+7} (You found it on level 26 of a ziggurat)
104061 | Zig:26   | Identified Lehudib's Collected Works on Frigorific Attacks
104116 | Zig:27   | Entered Level 27 of a ziggurat
104143 | Zig:27   | Reached skill level 15 in Translocations
104146 | Zig:27   | Hired Domil the naga for 173 gold.
104151 | Zig:27   | Your ally Domil died
104223 | Zig:27   | Noticed Hipuerre the pandemonium lord
104268 | Zig:27   | HP: 6/168 [Executioner (23)]
104394 | Zig:27   | HP: 2/168 [hellion/burst of hellfire (29)]
104394 | Zig:27   | Demolished by a reaper

Vault maps used:
D:1:      dpeg_arrival_erosion, serial_bayou_pond_e, minmay_strange_pillars,
          st_stairs_4, serial_park_tiny_1, minmay_statues_item,
          kennysheep_decorative_pillar, hangedman_feature_mirror
D:2:      tgw_xom, uniq_robin
D:3:      nicolae_dithmenos_shadow_blocks, st_stairs_2,
          minmay_misc_feat_pillars, solitary_fountain, evilmike_ruin_ashenzari
D:4:      first_bread, serial_shops, nicolae_shop_overgrown_old_shop
D:5:      nicolae_overflow_hidden_temple, basic_altar, uniq_blork_the_orc,
          uniq_edmund, uniq_prince_ribbit1, uniq_crazy_yiuf_cottage,
          uniq_grinder
D:6:      minmay_temple_entry_poolview, cheibriados_altar_1
D:7:      the_bakery
D:9:      grunt_ministairs_5
D:10:     david_lair_shrubbed
D:11:     enter_bailey_2, amalloy_card_club, uniq_nergalle
D:12:     erik_orc_4
D:13:     minmay_five_octagons, grunt_vaults_entry_tiered
D:14:     grunt_decor_resistance, nicolae_ru_awakened_eye, uniq_rupert
D:15:     gammafunk_depths_entry_grave, tso_metal_star, grunt_ministairs_8,
          laboratory
Temple:   eino_temple_water_12
Lair:1:   bh_autumn_forest_stairs, uniq_grum
Lair:2:   uniq_sonja
Lair:3:   disabler_island
Lair:4:   elwin_shoals_entry_stream
Lair:5:   dummy_snake_entry, basic_altar, worms_lemuel, uniq_maud, uniq_kirke,
          uniq_josephine
Lair:6:   dpeg_slime_entry_corner, columned_hall_lemuel, st_stairs_10
Lair:8:   hangedman_lair_caniforms_friends, hangedman_lair_in_review,
          portal_ice_cave_entry_animals_and_master, st_stairs_5,
          lemuel_fruit_tree
Shoals:1: nicolae_shoals_c_island
Shoals:2: nicolae_shoals_stone_sculpture_thing
Shoals:4: shoals_end_simple, shoal_ilsuiw
Snake:1:  corexii_hall_statues_l, uniq_agnes
Snake:2:  serial_bayou_shore_b, grunt_megastairs_4, uniq_louise, uniq_jorgrun,
          uniq_azrael
Snake:3:  serial_shops, nicolae_shop_stone, serial_bayou_lake_a
Snake:4:  snake_pit, nicolae_large_snake_swirl
Slime:2:  cheibrodos_slime_lost_civilization_5
Orc:1:    uniq_erica
Orc:2:    serial_shops, shop, guppyfry_library_mini
Orc:3:    nicolae_orc_pool_cavern, uniq_nessos
Orc:4:    st_orc_elflike, nicolae_orc_stony_grotto, uniq_snorg
Elf:1:    minmay_elf_arrival_summoners, basic_altar, orc_legates
Elf:2:    serial_corexii_hall, corexii_hall_statues_i, corexii_hall_statues_x,
          serial_shops, shop
Elf:3:    minmay_elf_hall_four_x
Vaults:1: ontoclasm_vaults_shuriken, v_misc_25, nicolae_vaults_theta,
          vaults_room_pools, ontoclasm_vaults_claustrophobia, v_misc_4,
          v_misc_11, ontoclasm_vaults_hangar, nicolae_vaults_display_case,
          vaults_room_hallway, v_misc_32, vaults_room_pool,
          hangedman_vaults_trim, uniq_donald
Vaults:2: st_quartered_hall, nicolae_vaults_mini_display_case,
          ontoclasm_vaults_twist, v_misc_17, v_misc_5, v_pattern_2
Vaults:3: minmay_crypt_entry_simple_box, v_misc_30, vaults_room_semicircle,
          nicolae_vaults_asterisk, v_misc_18, ontoclasm_vaults_chip,
          nicolae_vaults_alarming, v_misc_8, hangedman_vaults_maws,
          hangedman_vaults_snaps
Vaults:4: nicolae_vaults_theta, hangedman_vaults_pinch, nicolae_vaults_theta,
          v_misc_10, vaults_mumra_minichess, st_greater_box_2, v_misc_16,
          ontoclasm_vaults_misaligned, v_misc_31, v_rooms_1,
          nicolae_vaults_sealed_display, ontoclasm_vaults_loading_screen,
          vaults_dpeg_ring, grunt_vaults_hallway_short
Vaults:5: serial_shops, uniq_wiglaf, uniq_mennas, uniq_sojobo
Crypt:1:  grunt_crypt_arrival_webbed, grunt_megastairs_2, uniq_aizul
Crypt:2:  lemuel_statue_altar
Crypt:3:  quadcrypt_mu
Tomb:1:   uniq_mara
Depths:1: pf_hell_entry_tar_river, minmay_fire_ice_demons, serial_bayou_shore_b,
          serial_bayou_shore_b, kennysheep_random_hallway
Depths:2: evilmike_library_of_no_secrets, nicolae_water_bricks, hell_entry,
          minmay_room_of_horrors, serial_bayou_lagoon_a
Depths:3: evilmike_lava_path, enter_ziggurat_a, grunt_pan_entry_zigzag,
          hell_entry, lemuel_flame_loot_1, infiniplex_staircase_pool_2
Depths:4: minmay_tri_box, abyss_entry, serial_shops, shop_fountains,
          minmay_strange_pillars, hell_entry, tgw_lugonu_bribe,
          basic_stair_grate_trap
Depths:5: grunt_crosshair, hell_entry, roderic_roman_lattice,
          roderic_lattice_octagonal_star
Zot:1:    st_stairs_14, lemuel_golem_globe
Zot:2:    grunt_megastairs_3
Zot:4:    hangedman_player_shredder
Zot:5:    st_stairs_8, grunt_ministairs_8
Abyss:1:  guppyfry_abyss_exit_imp_island
Abyss:3:  guppyfry_abyss_exit_spiral_guarded
Zig:7:    ziggurat_pillar_centre_oklobs
Zig:9:    ziggurat_pillar_centre_smoke
Zig:15:   ziggurat_pillar_centre_c
Zig:27:   ziggurat_pillar_centre_drop
Bailey:   bailey_polearm_1, bailey
IceCv:    ice_cave_caverns_03

Action                   |  1- 3 |  4- 6 |  7- 9 | 10-12 | 13-15 | 16-18 | 19-21 | 22-24 | 25-27 || total
-------------------------+-------+-------+-------+-------+-------+-------+-------+-------+-------++-------
Melee: Unarmed           |     1 |     1 |       |       |       |       |       |       |       ||     2
       Short sword       |       |     8 |   141 |   251 |   503 |   512 |       |       |       ||  1415
       Glaive            |       |       |    13 |       |       |       |       |       |       ||    13
       Hand axe          |       |       |       |       |       |       |    87 |     7 |       ||    94
       Mace              |       |       |       |       |       |       |       |     1 |    49 ||    50
 Cast: Magic Dart        |   125 |    86 |   292 |   254 |    22 |       |       |       |       ||   779
       Conjure Flame     |     2 |     7 |    21 |    17 |     7 |    22 |     3 |       |    10 ||    89
       Mephitic Cloud    |     1 |     2 |    15 |    27 |    18 |     8 |     3 |       |       ||    74
       Blink             |     1 |     1 |     5 |    24 |    18 |    36 |       |     1 |    31 ||   117
       Repel Missiles    |       |       |     1 |     1 |       |     2 |     2 |     1 |     1 ||     8
       Bolt of Fire      |       |       |       |    99 |   378 |   338 |   254 |   232 |   736 ||  2037
       Iskenderun's Batt |       |       |       |       |    93 |    95 |    19 |     2 |     4 ||   213
       Lightning Bolt    |       |       |       |       |    14 |     7 |       |       |       ||    21
       Bolt of Cold      |       |       |       |       |       |    60 |   105 |    27 |   123 ||   315
       Fire Storm        |       |       |       |       |       |       |    91 |   153 |   419 ||   663
       Bolt of Magma     |       |       |       |       |       |       |     2 |     1 |    94 ||    97
       Shroud of Golubri |       |       |       |       |       |       |     1 |     1 |    38 ||    40
       Freezing Cloud    |       |       |       |       |       |       |     8 |     6 |     3 ||    17
       Necromutation     |       |       |       |       |       |       |       |       |    79 ||    79
       Swiftness         |       |       |       |       |       |       |       |       |     7 ||     7
       Regeneration      |       |       |       |       |       |       |       |       |     5 ||     5
       Apportation       |       |       |       |       |       |       |       |       |     4 ||     4
       Deflect Missiles  |       |       |       |       |       |       |       |       |     4 ||     4
       Stoneskin         |       |       |       |       |       |       |       |       |     4 ||     4
       Spellforged Servi |       |       |       |       |       |       |       |       |     3 ||     3
       Controlled Blink  |       |       |       |       |       |       |       |       |     1 ||     1
       Fireball          |       |       |       |       |       |       |       |       |     1 ||     1
 Abil: Evoke Flight      |       |       |       |       |     2 |       |       |       |     2 ||     4
       Evoke Invisibilit |       |       |       |       |     1 |       |       |     1 |       ||     2
       End Transformatio |       |       |       |       |       |       |       |       |     6 ||     6
Evoke: Wand              |     1 |       |       |    18 |    26 |    38 |    14 |     7 |    47 ||   151
       Deck              |       |       |       |       |       |     5 |     1 |       |    28 ||    34
       Rod               |       |       |       |       |       |     1 |       |       |       ||     1
       Phantom mirror    |       |       |       |       |       |     1 |       |       |     4 ||     5
       Crystal ball of e |       |       |       |       |       |       |       |       |     3 ||     3
  Use: Scroll            |       |       |     5 |    20 |    21 |    33 |    17 |     8 |    74 ||   178
       Potion            |       |       |       |     4 |     2 |    13 |     2 |     1 |    33 ||    55
 Stab: Confused          |       |     3 |     7 |     8 |       |       |       |       |       ||    18
       Sleeping          |       |       |     1 |     4 |     5 |     9 |     1 |     1 |       ||    21
       Distracted        |       |       |       |       |     2 |     1 |       |       |     1 ||     4
  Eat: Chunk             |     3 |     7 |    16 |    41 |   163 |   100 |    40 |    31 |    56 ||   457
       Pizza             |       |       |       |     1 |     2 |       |       |       |       ||     3
       Meat ration       |       |       |       |     3 |       |       |     1 |       |     2 ||     6
       Fruit             |       |       |       |     2 |     9 |     3 |       |       |     9 ||    23
       Beef jerky        |       |       |       |       |    11 |    11 |       |       |       ||    22
       Bread ration      |       |       |       |       |       |     8 |       |       |     4 ||    12
       Royal jelly       |       |       |       |       |       |       |       |     1 |       ||     1
